 Dungeon Crawl Stone Soup version 0.30-a0-469-g84de5afbc5 (webtiles) character file.

Game seed: 6343197919975876963

44920 dohliylev the Brawler (level 13, -27/123 HPs)
             Began as a Troll Berserker on Dec 19, 2022.
             Was a Priest of Trog.
             Killed from afar by a hell hog (44 damage)
             ... with a fireball
             ... while paralysed
             ... on level 3 of the Abyss.
             The game lasted 00:46:42 (13907 turns).

dohliylev the Brawler (Troll Berserker)            Turns: 13907, Time: 00:46:43

Health: -27/123    AC: 15    Str: 28    XL:     13   Next: 98%
Magic:  12/12      EV:  1    Int: -1    God:    Trog [***...]
Gold:   885        SH:  0    Dex:  5    Spells: 12/12 levels left

rFire   . . .      SeeInvis .      - Unarmed
rCold   . . .      Faith    .    (no shield)
rNeg    . . .      Spirit   .    A - +0 steam dragon scales
rPois   .          Reflect  .    (helmet restricted)
rElec   .          Harm     .    (no cloak)
rCorr   .          Rampage  .    (gloves unavailable)
Will    ++...                    (boots unavailable)
Stlth   +.........               r - amulet of the acrobat
HPRegen 2.20/turn                H - +4 ring of protection
MPRegen 0.13/turn                j - +4 ring of protection

@: paralysed, lethally poisoned (-27 -> -28), about to teleport, strong-willed,
regenerating, hasted and slowed, lost intelligence, unable to read
A: large, unfitting armour, claws 3, regeneration 1, shaggy fur 1, tough skin 1,
[clumsy 2], [dopey 2], [screaming 2], [weak 2], [subdued magic 3]
a: Renounce Religion, Berserk, Trog's Hand


You were on level 3 of the Abyss.
You worshipped Trog.
Trog was most pleased with you.
You visited 2 branches of the dungeon, and saw 14 of its levels.
You visited the Abyss 1 time.
You also visited: Sewer.

You collected 885 gold pieces.

Inventory:

Missiles
 a - 12 poisoned darts (quivered)
 w - a throwing net
 B - 7 javelins
Armour
 A - +0 steam dragon scales (worn)
Jewellery
 i - a ring of see invisible
 j - a +4 ring of protection (right claw)
 r - an amulet of the acrobat (around neck)
 F - an amulet of guardian spirit
 H - a +4 ring of protection (left claw)
 K - a ring of flight
Wands
 d - a wand of roots (14)
 h - a wand of quicksilver (9)
 L - a wand of paralysis (8)
 N - a wand of flame (9)
Scrolls
 f - 7 scrolls of teleportation
 k - a scroll of fear
 l - a scroll of butterflies
 p - a scroll of enchant armour
 v - 6 scrolls of magic mapping
 y - a scroll of silence
 z - a scroll of fog
 D - 3 scrolls of brand weapon
 G - a scroll of torment {unknown}
 I - 4 scrolls of blinking {unknown}
 M - 11 scrolls of identify
 O - a scroll of enchant weapon {unknown}
Potions
 b - 6 potions of haste
 c - a potion of heal wounds
 e - 4 potions of brilliance {unknown}
 g - 3 potions of lignification {unknown}
 m - a potion of mutation {unknown}
 n - 6 potions of curing {unknown}
 o - 4 potions of attraction {unknown}
 q - a potion of might {unknown}
 s - a potion of berserk rage {unknown}
 t - a potion of ambrosia {unknown}
 u - a potion of degeneration {unknown}
 x - 2 potions of invisibility {unknown}
 C - a potion of magic {unknown}
 E - a potion of cancellation {unknown}
 J - 2 potions of flight {unknown}
Miscellaneous
 P - a phantom mirror


   Skills:
 + Level 6.6 Fighting
 + Level 9.5 Throwing
 + Level 9.8 Dodging
 + Level 17.9 Unarmed Combat
 + Level 1.1 Evocations


You had 12 spell levels left.
You didn't know any spells.
Your spell library was empty.

Dungeon Overview and Level Annotations

Branches:
Dungeon (9/15)             Temple (0/1) D:6            Lair (5/5) D:8
 Shoals (0/4) Lair:3        Snake (0/4) Lair:2        Slime (0/5) Lair:4
  Sewer (visited)
    Orc: D:9-12

Altars:
Makhleb
Qazlal
Uskayaw
Vehumet
Wu Jian
Jiyva

Shops:
D:1 :!:(   D:4 ?   D:7 (   D:8 *


Innate Abilities, Weirdness & Mutations

You are too large for most types of armour.
You have claws for hands.
Your natural rate of healing is unusually fast.
You are covered in fur. (AC +1)
You have tough skin. (AC +1)
[You are very clumsy. (Dex -4)]
[You are very dopey. (Int -4)]
[You frequently scream uncontrollably at your foes.]
[You are very weak. (Str -4)]
[Your spells are much easier to cast, but much less powerful.]


Message History

The thrashing horror tramples you but does no damage.
As you read the scroll of fear, it crumbles to dust.
You assume a fearsome visage.
The green very ugly thing looks frightened!
The wretched star is unaffected.
The hell hog looks frightened! x2
The thrashing horror is unaffected.
You feel very sick.
Unknown command.
As you read the scroll of teleportation, it crumbles to dust.
You feel strangely unstable.
You feel the power of the Abyss delaying your translocation!
You feel very sick.
You feel very sick.
You feel much better.
You feel very sick.
The thrashing horror tramples you but does no damage.
The thrashing horror tramples you.
* * * LOW HITPOINT WARNING * * *
You hold your ground!
You feel very sick.
A large abomination comes into view.
You feel sick.
The wretched star pulses with an eldritch light!
You feel stupid. x2
You have lost your intelligence.
You recover from your berserk rage.
You feel very sick.
A yellow draconian annihilator comes into view.
It is wielding a +0 whip.
The thrashing horror tramples you.
* * * LOW HITPOINT WARNING * * *
You hold your ground!
The thrashing horror tramples you.
* * * LOW HITPOINT WARNING * * *
You hold your ground!
The wretched star pulses with an eldritch light!
You feel the urge to shout.
You feel a strong urge to scream.
You feel sick. The hell hog bites you.
* * * LOW HITPOINT WARNING * * *
The hell hog breathes fire at you.
The fireball explodes!
The fireball engulfs you!!!
You die...

..# ~ q. ~~ ..
≈~ #. # #. #X
###.# ~ ~≈#
#.#.#.§..# ~~≈~
#....#.. ~≈≈#.#
###@#.####. ≈..
.. #hh#.....##
~. #
..#.#*.#..#.#§.
~~ ~
#...*..#X#X.# ~
≈♣.###.#...###
~~*~
h..#....#.....
.*####.#..#
..... #.
.u##.### ...###
#...##.# ..#...


You could see a green very ugly thing, a yellow draconian annihilator, 2
wretched stars, 2 hell hogs, a thrashing horror and a large abomination.

Vanquished Creatures
  A bone dragon (Abyss:3)
  An ophan (Abyss:3)
  5 hydras
  A catoblepas (Lair:2)
  Erica (D:9)
  4 boulder beetles
  A death yak (Lair:4)
  3 large abominations (Abyss:3)
  Pikel (D:4)
  A lindwurm (Lair:5)
  An ugly thing (Abyss:3)
  2 oklob plants (Lair:5)
  Joseph (D:7)
  A dire elephant zombie (Abyss:3)
  18 elephants
  11 cane toads
  5 black mambas
  2 smoke demons (Abyss:3)
  Maggie (Lair:2)
  A torpor snail (Lair:4)
  An efreet (Abyss:3)
  9 komodo dragons
  6 rime drakes
  5 polar bears
  A hornet (D:7)
  4 raiju (Abyss:3)
  5 dream sheep (Lair:4)
  26 yaks
  A wraith (D:9)
  A wyvern (D:8)
  A small abomination (Abyss:3)
  A steam dragon (D:8)
  5 basilisks
  3 chaos spawn (Abyss:3)
  A neqoxec (Abyss:3)
  3 vampire mosquitoes (D:9)
  Edmund (D:4)
  14 water moccasins
  5 hell hounds
  An acid dragon (D:9)
  2 sky beasts (D:7)
  2 ice beasts
  2 ogres
  4 centaurs
  A wolf (Lair:5)
  A phantom (D:5)
  3 kobold brigands
  10 bullfrogs
  2 necrophages
  A scorpion (D:5)
  2 gnoll sergeants
  9 wights
  3 killer bees (D:9)
  A howler monkey (D:7)
  An electric eel (Lair:4)
  A gnoll bouda (D:8)
  2 orc priests
  2 jellies
  4 iguanas
  4 orc wizards
  7 hell rats (Lair:5)
  6 adders
  37 gnolls
  2 river rats
  2 white imps
  2 worms
  3 dart slugs
  19 orcs
  12 ball pythons
  10 endoplasms
  6 giant cockroaches
  6 goblins
  9 hobgoblins
  21 kobolds
  A quokka (D:2)
  8 bats
  3 frilled lizards
  12 rats
379 creatures vanquished.

Vanquished Creatures (collateral kills)
  An elephant (Lair:2)
  A cane toad (Lair:2)
  3 yaks (Lair:2)
  A bullfrog (Lair:2)
6 creatures vanquished.

Vanquished Creatures (others)
  15 fungi
  16 plants
31 creatures vanquished.

Grand Total: 416 creatures vanquished

Notes
Turn   | Place    | Note
-------+----------+-------------------------------------------
     0 | D:1      | dohliylev the Troll Berserker began the quest for the Orb.
     0 | D:1      | Reached XP level 1. HP: 22/22 MP: 0/0
    29 | D:1      | Found Maecrepo's Weapon Shop.
   162 | D:1      | Found Kausofib's Distillery.
   192 | D:1      | Reached XP level 2. HP: 27/29 MP: 1/1
   388 | D:1      | Found Isesiy's Book Emporium.
   479 | D:1      | Found Abeanai's Book Shoppe.
   711 | D:1      | Found Daippuja's Armour Emporium.
   889 | D:2      | Reached XP level 3. HP: 36/36 MP: 2/2
   964 | D:2      | Reached skill level 4 in Unarmed Combat
   964 | D:2      | Reached XP level 4. HP: 38/44 MP: 3/3
  1084 | D:2      | Reached ** piety under Trog
  1501 | D:2      | Reached XP level 5. HP: 43/53 MP: 1/4
  2027 | D:3      | Reached skill level 5 in Unarmed Combat
  2431 | D:3      | Reached XP level 6. HP: 61/61 MP: 3/5
  2435 | D:3      | Reached skill level 1 in Throwing
  2629 | D:3      | Found a stormy altar of Qazlal.
  2629 | D:3      | Found a radiant altar of Vehumet.
  2717 | D:4      | Found Fugek's Magic Scroll Shop.
  2765 | D:4      | Noticed a water moccasin
  2774 | D:4      | Killed a water moccasin
  2832 | D:4      | Reached skill level 6 in Unarmed Combat
  2866 | D:4      | Reached XP level 7. HP: 67/67 MP: 6/6
  2973 | D:4      | Noticed Pikel
  2979 | D:4      | Killed Pikel
  2980 | D:4      | Reached skill level 7 in Unarmed Combat
  2980 | D:4      | Reached XP level 8. HP: 75/75 MP: 7/7
  3149 | D:4      | Noticed Edmund
  3169 | D:4      | Killed Edmund
  3173 | D:4      | Reached *** piety under Trog
  3591 | D:5      | Entered Level 5 of the Dungeon
  3602 | D:5      | Reached skill level 8 in Unarmed Combat
  3842 | D:5      | Reached skill level 9 in Unarmed Combat
  4143 | D:5      | Found a burning altar of Makhleb.
  4143 | D:5      | Noticed a cacodemon
  4146 | D:5      | Noticed a hellwing
  4319 | D:6      | Found a staircase to the Ecumenical Temple.
  4395 | D:6      | Found a glowing drain.
  4407 | Sewer    | Entered a sewer
  4814 | D:6      | Reached XP level 9. HP: 75/84 MP: 8/8
  5543 | D:7      | Noticed Joseph
  5555 | D:7      | Killed Joseph
  5556 | D:7      | Reached skill level 10 in Unarmed Combat
  5682 | D:7      | Found Zahuab's Antique Weapon Emporium.
  5745 | D:7      | Paralysed by a hornet for 3 turns
  5749 | D:7      | Reached skill level 5 in Dodging
  6087 | D:7      | Reached skill level 11 in Unarmed Combat
  6183 | D:8      | Found Xaur's Elemental Accessories.
  6355 | D:8      | Reached skill level 5 in Throwing
  6355 | D:8      | Reached XP level 10. HP: 93/93 MP: 9/9
  6447 | D:8      | Found a staircase to the Lair.
  6721 | D:8      | Found Mejeviy's General Store.
  7284 | D:9      | Reached skill level 12 in Unarmed Combat
  7709 | D:9      | Reached **** piety under Trog
  7795 | D:9      | Found an ornate altar of the Wu Jian Council.
  7951 | D:9      | Noticed Erica
  7956 | D:9      | Killed Erica
  7957 | D:9      | Reached skill level 13 in Unarmed Combat
  8530 | Lair:1   | Entered Level 1 of the Lair of Beasts
  8532 | Lair:1   | Noticed a black mamba
  8538 | Lair:1   | Killed a black mamba
  8539 | Lair:1   | Reached XP level 11. HP: 98/101 MP: 10/10
  8960 | Lair:1   | Reached skill level 5 in Fighting
  9236 | Lair:1   | Reached skill level 14 in Unarmed Combat
  9602 | Lair:2   | Noticed a catoblepas
  9623 | Lair:2   | Found a staircase to the Snake Pit.
  9627 | Lair:2   | Noticed a boulder beetle
  9637 | Lair:2   | Killed a catoblepas
  9640 | Lair:2   | Reached XP level 12. HP: 94/111 MP: 11/11
  9728 | Lair:2   | Noticed Maggie
  9749 | Lair:2   | Killed Maggie
  9918 | Lair:2   | Noticed an eight-headed hydra
  9950 | Lair:3   | You fall into a shaft and drop 1 floor!
 10060 | Lair:4   | Reached skill level 15 in Unarmed Combat
 10199 | Lair:4   | Killed a boulder beetle
 10254 | Lair:4   | Found a viscous altar of Jiyva.
 10288 | Lair:4   | Found a staircase to the Slime Pits.
 10442 | Lair:4   | Noticed a six-headed hydra
 10452 | Lair:4   | Killed a ten-headed hydra
 10470 | Lair:4   | Noticed a boulder beetle
 10486 | Lair:4   | Killed a boulder beetle
 10856 | Lair:4   | Noticed a seven-headed hydra
 10860 | Lair:4   | Killed a ten-headed hydra
 10872 | Lair:4   | Noticed a death yak
 10872 | Lair:4   | Noticed a boulder beetle
 10886 | Lair:4   | Killed a death yak
 10900 | Lair:4   | Killed a boulder beetle
 11409 | Lair:3   | Killed a 13-headed hydra
 11410 | Lair:3   | Reached skill level 16 in Unarmed Combat
 11488 | Lair:3   | Found a staircase to the Shoals.
 11799 | Lair:3   | Found an ornate altar of the Wu Jian Council.
 11799 | Lair:3   | Noticed a boulder beetle
 11801 | Lair:3   | Found a hide-covered altar of Uskayaw.
 11814 | Lair:3   | Killed a boulder beetle
 11815 | Lair:3   | Reached XP level 13. HP: 112/120 MP: 12/12
 12182 | Lair:2   | Reached skill level 1 in Evocations
 12756 | Lair:5   | Entered Level 5 of the Lair of Beasts
 13091 | Lair:4   | Reached skill level 17 in Unarmed Combat
 13561 | Abyss:3  | Cast into level 3 of the Abyss (a wizard)
 13688 | Abyss:3  | Noticed an ophan
 13700 | Abyss:3  | Killed an ophan
 13736 | Abyss:3  | Noticed a bone dragon
 13742 | Abyss:3  | Noticed a tentacled starspawn
 13794 | Abyss:3  | Killed a bone dragon
 13880 | Abyss:3  | Noticed a green very ugly thing
 13896 | Abyss:3  | HP: 2/123 [poisoned by a green very ugly thing]
 13905 | Abyss:3  | Lost intelligence.
 13906 | Abyss:3  | Noticed a yellow draconian annihilator
 13907 | Abyss:3  | Killed from afar by a hell hog

Illustrated notes

Levels and vault maps discovered:
D:1:      zelgadis_glass_arrival_small, layout_basic, serial_shops, shop,
          nicolae_shop_hallway_plus, shop, nicolae_square_shop,
          nicolae_shop_statue_plus
D:2:      layout_loops_corners, grunt_ministairs_9
D:3:      layout_loops_ring, gammafunk_temple_overflow_pools
D:4:      cheibrodos_old_hovel, layout_loops_cross, serial_shops, shop_coins,
          uniq_pikel, uniq_edmund
D:5:      layout_rooms, makhleb_altar_promises_db
D:6:      layout_basic, minmay_temple_entry_mini_moons, portal_sewer_entry_e
D:7:      layout_gridville, serial_shops, shop, nicolae_fountain_basement,
          uniq_joseph
D:8:      layout_basic, erik_lair_dragon, serial_shops,
          nicolae_inconvenience_store, minivault_24, eino_tiny_chamber,
          nicolae_elemental_shop
D:9:      layout_gridville, mainiacjoe_overflow_catwalk,
          wad_floor_pattern_untrapped, uniq_erica
Lair:1:   layout_roguey, cheibrodos_lair_lostbears
Lair:2:   layout_misc_corridors, dummy_snake_entry, uniq_maggie
Lair:3:   layout_regular_city, elwin_shoals_entry_rocks,
          chequers_serial_rivers_micro_a, nzn_masters_of_martial_movement
Lair:4:   nzn_winding_woodlands_three_and_one
          [nzn_winding_woodlands_5x15_river_crossing,
          nzn_winding_woodlands_5x15_crooked,
          nzn_winding_woodlands_5x15_sidewinder,
          nzn_winding_woodlands_center_lodge], layout_long_grid,
          dpeg_slime_entry_corner, lemuel_fruit_tree, serial_bayou_shore_b
Lair:5:   evil_forest, layout_hall_layers, infiniplex_staircase_pool_2
Abyss:3:  base: D:4, guppyfry_abyss_exit_imp_island,
          hangedman_abyss_lost_library, evilmike_abyss_exit_7, minivault_1

Skill      XL: |  1  2  3  4  5  6  7  8  9 10 11 12 13 |
---------------+----------------------------------------+-----
Dodging        | 3 4 5 6 7 8 9 |  9.8
Unarmed Combat | 4 5 6 7 9 11 13 14 16 17 | 17.9
Fighting       | 3 4 5 6 |  6.6
Throwing       | 2 3 4 5 6 8 9 |  9.5
Evocations     | 1 |  1.1

Action                   |  1- 3 |  4- 6 |  7- 9 | 10-12 | 13-15 || total
-------------------------+-------+-------+-------+-------+-------++-------
Melee: Unarmed           |    78 |   146 |   185 |   397 |   280 ||  1086
       Punch             |     2 |     2 |     6 |    23 |    32 ||    65
Throw: Dart              |       |    18 |    29 |    51 |    20 ||   118
       Boomerang         |       |     5 |    20 |    61 |       ||    86
       Throwing net      |       |       |     3 |     1 |       ||     4
       Javelin           |       |       |       |     6 |       ||     6
Invok: Berserk           |     1 |     2 |     8 |    13 |     9 ||    33
       Trog's Hand       |       |     2 |     3 |     7 |     5 ||    17
       Brothers in Arms  |       |       |       |     1 |     1 ||     2
Evoke: Wand              |       |       |       |     7 |       ||     7
  Use: Scroll            |       |       |     7 |     5 |     2 ||    14
       Potion            |       |       |       |       |     5 ||     5
 Stab: Paralysed         |       |       |       |     4 |       ||     4
Armor: Animal skin       |    32 |    60 |    50 |       |       ||   142
       Steam dragon scal |       |       |       |   168 |   152 ||   320
Dodge: Dodged            |    43 |    70 |    93 |   301 |   206 ||   713

Table legend: (Time is in decaauts)
 A = Elapsed time spent in this place.
 B = Non-inter-level travel time spent in this place.
 C = Inter-level travel time spent in this place.
 D = Time resting spent in this place.
 E = Time spent auto-exploring this place.
 F = Levels seen in this place.
 G = Mean time per level.
                   A        B        C        D        E       F      G
               +--------+--------+--------+--------+--------+-----+--------+
         Total |  13923 |  13070 |    853 |   2158 |   7740 |  16 |  870.2 |
       Dungeon |   8327 |   7721 |    606 |   1019 |   5010 |   9 |  925.2 |
          Lair |   4977 |   4730 |    247 |   1011 |   2604 |   5 |  995.4 |
         Abyss |    352 |    352 |      0 |    128 |      0 |   1 |  352.0 |
         Sewer |    266 |    266 |      0 |      0 |    126 |   1 |  266.0 |
               +--------+--------+--------+--------+--------+-----+--------+

Top non-repeatable levels by time:
  Lair:4: 1579 daAuts
     D:8: 1284 daAuts
     D:9: 1110 daAuts
     D:4: 1061 daAuts
  Lair:1: 1038 daAuts
  Lair:2: 1010 daAuts
     D:3: 984 daAuts
     D:2: 921 daAuts
     D:7: 904 daAuts
  Lair:3: 808 daAuts
     D:1: 796 daAuts
     D:6: 684 daAuts
     D:5: 580 daAuts
  Lair:5: 541 daAuts
 Abyss:3: 352 daAuts
